 Dungeon Crawl Stone Soup version 0.29.0-11-gd7f09526c8 (webtiles) character file.

Game seed: 15954817451775906414

7 SensoryNuts the Shield-Bearer (level 2, -2/24 HPs)
             Began as a Formicid Fighter on Sept 2, 2022.
             Slain by a hobgoblin (4 damage)
             ... on level 1 of the Dungeon.
             The game lasted 00:00:09 (138 turns).

SensoryNuts the Shield-Bearer (Formicid Fighter)     Turns: 138, Time: 00:00:09

Health: -2/24      AC:  6    Str: 20    XL:     2   Next: 5%
Magic:  2/2        EV:  9    Int:  7    God:
Gold:   21         SH:  5    Dex: 13    Spells: 1/1 levels left

rFire   . . .      SeeInvis +   a - +0 war axe
rCold   . . .      Faith    .   c - +0 buckler
rNeg    . . .      Spirit   .   b - +0 scale mail
rPois   .          Reflect  .   (helmet unavailable)
rElec   .          Harm     .   (no cloak)
rCorr   .          Rampage  .   (no gloves)
Will    .....                   (no boots)
Stlth   ..........              (no amulet)
HPRegen 0.08/turn               (no ring)
MPRegen 0.08/turn               (no ring)

@: no status effects
A: permanent stasis, dig shafts and tunnels, antennae 3, four strong arms
a: Dig, Shaft Self


You were on level 1 of the Dungeon.
You visited 1 branch of the dungeon, and saw 1 of its levels.

You collected 21 gold pieces.

Inventory:

Hand Weapons
 a - a +0 war axe (weapon)
Armour
 b - a +0 scale mail (worn)
 c - a +0 buckler (worn)
Potions
 d - a potion of might
 e - a potion of heal wounds {unknown}


   Skills:
 + Level 3.4 Fighting
 * Level 2.2 Axes
 + Level 3.4 Armour
 + Level 4.1 Shields


You had one spell level left.
You didn't know any spells.
Your spell library was empty.

Dungeon Overview and Level Annotations

Branches:
Dungeon (1/15)

Altars:


Innate Abilities, Weirdness & Mutations

You cannot be hasted, slowed, berserked, paralysed or teleported.
You can dig through walls and to a lower floor.
You have a pair of large antennae on your head. (SInv)
Your four strong arms can wield two-handed weapons with a shield.


Message History

A goblin comes into view. It is wielding a +0 dagger.
Found 6 gold pieces.
The goblin shouts!
You hear a shout!
A goblin is nearby!
A goblin is nearby!
A hobgoblin comes into view.
The hobgoblin shouts!
Found a ring mail.
You closely miss the hobgoblin. You slash the fungus!
The fungus begins to die.
The hobgoblin hits you.
A quokka comes into view.
You barely miss the hobgoblin. You slash the fungus! You slash the goblin!
You kill the goblin!
The hobgoblin hits you. x2
You have reached level 2!
A nearby fungus withers and dies.
The hobgoblin hits you. The hobgoblin hits you.
Something bites the fungus.
The fungus begins to die.
The hobgoblin hits you.
* * * LOW HITPOINT WARNING * * *
Something bites the fungus.
The hobgoblin hits you but does no damage.
Something bites the fungus.
The hobgoblin barely misses you.
Something bites the fungus.
The fungus begins to die.
You block the hobgoblin's attack.
Something bites the fungus.
A nearby fungus withers and dies.
The hobgoblin hits you.
* * * LOW HITPOINT WARNING * * *
The hobgoblin barely misses you. The hobgoblin completely misses you.
A nearby fungus withers and dies.
The hobgoblin barely misses you.
The quokka bites you but does no damage.
The hobgoblin hits you.
* * * LOW HITPOINT WARNING * * *
The quokka bites you.
* * * LOW HITPOINT WARNING * * *
You block the quokka's attack. The hobgoblin closely misses you.
The quokka misses you. You block the hobgoblin's attack.
You block the quokka's attack.
The hobgoblin hits you but does no damage.
The quokka barely misses you. The hobgoblin hits you.
You die...

#[ #..P P.. .#
..##...♣♣PP ..# #
...$..P..P...# #
#....._P♣...# #
#...♣.♣P..# #
#...PPP♣..# #
#.##.P.r.P...# #
#.....g@....#... ###
########......# ..####
#.###### #....## #.#
####..## #.# # ##..##
#.# # ##..## #.# #
##..## #.### #
##..#######.#.########


You could see a quokka and a hobgoblin.

Vanquished Creatures
  An endoplasm (D:1)
  A goblin (D:1)
  2 jackals (D:1)
  2 frilled lizards (D:1)
6 creatures vanquished.

Vanquished Creatures (others)
  3 fungi (D:1)
3 creatures vanquished.

Grand Total: 9 creatures vanquished

Notes
Turn   | Place    | Note
-------+----------+-------------------------------------------
     0 | D:1      | SensoryNuts the Formicid Fighter began the quest for the
                  | Orb.
     0 | D:1      | Reached XP level 1. HP: 18/18 MP: 1/1
   118 | D:1      | Found a faded altar of an unknown god.
   124 | D:1      | Reached XP level 2. HP: 13/24 MP: 2/2
   134 | D:1      | HP: 1/24 [quokka (2)]
   138 | D:1      | Slain by a hobgoblin

Illustrated notes

Levels and vault maps discovered:
D:1:      matt_arrival_spirals, layout_loops_corners,
          dreamdust_ecumenical_altar_grove, minmay_tromino_v4_c

Action                   || total
-------------------------++-------
Melee: War axe           ||    12
Armor: Scale mail        ||     9
Dodge: Dodged            ||    11
Block: Buckler           ||     6
